 Dungeon Crawl Stone Soup version 0.20.1-1-g8b1a95d (webtiles) character file.

12087 dmj the Carver (level 11, -5/95 HPs)
             Began as a Minotaur Fighter on July 30, 2017.
             Was a Priest of Nemelex Xobeh.
             Slain by a catoblepas (16 damage)
             ... on level 13 of the Dungeon.
             The game lasted 01:10:44 (12641 turns).

dmj the Carver (Minotaur Fighter)                  Turns: 12641, Time: 01:10:46

Health: -5/95      AC: 21    Str: 24    XL:     11   Next: 57%
Magic:  17/17      EV: 13    Int:  7    God:    Nemelex Xobeh [***...]
Gold:   595        SH: 16    Dex: 10    Spells: 10/10 levels left

rFire    . . .     SeeInvis .   a - +5 long sword
rCold    + . .     Gourm    .   c - +3 shield
rNeg     . . .     Faith    .   b - +7 ring mail "Time Pee" {Regen+ Int+2}
rPois    .         Spirit   .   (helmet restricted)
rElec    .         Reflect  .   s - +0 cloak
rCorr    .         Harm     .   T - +2 pair of gloves
MR       .....                  t - +0 pair of boots
Stlth    +.........             (no amulet)
Regen    0.7/turn               j - ring of protection from cold
MPRegen  0.2/turn               z - ring of magical power

@: no status effects
A: retaliatory headbutt, horns 2, iridescent scales 1, low mp 1
a: Triple Draw, Renounce Religion


You were on level 13 of the Dungeon.
You worshipped Nemelex Xobeh.
Nemelex Xobeh was most pleased with you.
You were hungry.

You visited 2 branches of the dungeon, and saw 14 of its levels.
You also visited: Sewer.

You collected 775 gold pieces.
You spent 180 gold pieces at shops.

Inventory:

Hand Weapons
 a - a +5 long sword (weapon)
 e - a +0 shortbow of flaming
 h - a +2 quarterstaff of chaos
 o - a +3 flail
 r - a +2 dagger of flaming
 v - a +1 hunting sling of freezing
 C - a +2 war axe of flaming
 D - a +0 dagger of holy wrath
 E - a +1 dagger of freezing
 U - a +1 quarterstaff of draining
Missiles
 X - a throwing net (quivered)
Armour
 b - the +7 ring mail "Time Pee" (worn) {Regen+ Int+2}
   (You bought it in a shop on level 4 of the Dungeon)

   It affects your intelligence (+2).
   It increases your rate of regeneration.
 c - a +3 shield (worn)
 s - a +0 cloak (worn)
 t - a +0 pair of boots (worn)
 F - a +0 troll leather armour
 T - a +2 pair of gloves (worn)
Magical Staves
 M - an uncursed staff of death {unknown}
Jewellery
 j - a ring of protection from cold (left hand)
 z - a ring of magical power (right hand)
 K - an uncursed ring of poison resistance {unknown}
 L - an uncursed ring of magical power
Wands
 G - a wand of lightning (6/15)
 S - a wand of flame (22/48)
 Y - a wand of paralysis (16/24)
Scrolls
 i - a scroll of fear
 n - 3 scrolls of teleportation
 p - a scroll of remove curse
 q - 5 scrolls of recharging
 y - 5 scrolls of identify
 N - 2 scrolls of fog
 Q - 3 scrolls of amnesia
 R - a scroll of magic mapping
Potions
 d - 3 potions of might
 g - 6 potions of curing
 m - 3 potions of flight
 u - 3 potions of magic
 w - 3 potions of haste
 J - a potion of brilliance
 P - 2 potions of heal wounds
Books
 I - a book of Maledictions

   Spells                             Type                      Level
   a - Corona                         Hexes                        1
   b - Ensorcelled Hibernation        Hexes/Ice                    2
   c - Confuse                        Hexes                        3
   d - Tukima's Dance                 Hexes                        3
   e - Dazzling Spray                 Conjuration/Hexes            3
Miscellaneous
 x - a plain deck of destruction
 A - a lamp of fire
 H - a fan of gales
 O - an ornate deck of escape
 V - a plain deck of destruction
Comestibles
 f - 10 bread rations
 k - 3 royal jellies
 l - 6 fruits
 B - 4 meat rations


   Skills:
 + Level 8.4 Fighting
 + Level 13.3 Long Blades
 + Level 0.2 Throwing
 + Level 8.0 Armour
 + Level 6.7 Dodging
 + Level 2.4 Stealth
 + Level 11.8 Shields
 + Level 0.7 Unarmed Combat


You had 10 spell levels left.
You didn't know any spells.

Dungeon Overview and Level Annotations

Branches:
Dungeon (13/15)            Temple (1/1) D:7            Lair (0/6) D:10
    Orc (0/2) D:12
 Vaults: D:13-14

Altars:
Ashenzari
Cheibriados
Dithmenos
Elyvilon
Fedhas
Gozag
Hepliaklqana
Kikubaaqudgha
Makhleb
Nemelex Xobeh
Okawaru
Qazlal
Ru
Sif Muna
Trog
Uskayaw
Vehumet
Xom
Zin
The Shining One

Shops:
D:4 [   D:11 (

Portals:
Trove: D:12 (give 15 scrolls of teleportation)

Annotations:
D:11 Urug
D:12 Kirke, Sonja


Innate Abilities, Weirdness & Mutations

You reflexively headbutt those who attack you in melee.
You have a pair of horns on your head.
You are partially covered in iridescent scales. (AC +2)
Your magical capacity is low. (-10% MP)


Message History

The blast of calcifying dust hits you!
You have turned to stone.
You are engulfed in calcifying dust.
The catoblepas breathes a plume of calcifying dust at you.
The blast of calcifying dust hits you!
You are engulfed in calcifying dust.
The catoblepas gores you!!
You are engulfed in calcifying dust.
The catoblepas gores you!
* * * LOW HITPOINT WARNING * * *
The catoblepas gores you!!
* * * LOW HITPOINT WARNING * * *
The catoblepas gores you.
* * * LOW HITPOINT WARNING * * *
The catoblepas barely misses you. The catoblepas gores you!
* * * LOW HITPOINT WARNING * * *
You turn to flesh and can move again.
You slash the catoblepas!
The catoblepas is almost dead.
The catoblepas gores you!
You die...
Your body glows slightly and disappears.

#......# #....!.#
#......# #......#
#......##
#.......#
#(#####.......####
#.................
.......Y@.<.......
.^....######......
...... ..... ##...
.... #... ... #..
.. #.. .


You could see a catoblepas.

Vanquished Creatures
  2 two-headed ogres
  A centaur warrior (D:12)
  2 centaur zombies
  3 trolls
  4 hippogriffs
  4 slime creatures (D:12)
  2 vampires
  2 hogs (D:12)
  2 wyverns
  A wraith (D:10)
  Duvessa (D:7)
  3 porcupines (D:10)
  7 orc warriors
  2 phantoms (D:6)
  2 sky beasts
  4 ogres
  6 centaurs
  A crocodile (D:10)
  A big kobold (Sewer)
  11 bullfrogs
  Dowan (D:7)
  A water moccasin zombie (D:10)
  A wyvern zombie (D:12)
  A wyvern skeleton (D:8)
  5 scorpions
  4 killer bees (D:10)
  4 wights (D:9)
  A howler monkey (D:5)
  3 bullfrog zombies
  A quasit (D:8)
  5 crimson imps
  12 orc priests
  2 centaur skeletons
  4 jellies
  9 hounds
  Crazy Yiuf (D:2)
  2 bullfrog skeletons
  5 iguanas
  12 orc wizards
  4 worker ants
  A hound skeleton (D:7)
  Robin (D:2)
  7 gnolls
  14 adders
  2 shadow imps
  8 oozes
  2 adder skeletons
  An adder zombie (D:5)
  2 worms (D:4)
  3 dart slugs
  8 leopard geckos
  55 orcs
  8 giant cockroaches
  27 goblins
  14 hobgoblins
  8 jackals
  4 quokkas
  A ball python (D:1)
  9 bats
  6 frilled lizards
  28 kobolds
  A leopard gecko zombie (D:5)
  A quokka skeleton (D:4)
  12 rats
  A fungus (D:3)
363 creatures vanquished.

Vanquished Creatures (others)
  6 toadstools (D:3)
6 creatures vanquished.

Grand Total: 369 creatures vanquished

Notes
Turn   | Place    | Note
-------+----------+-------------------------------------------
     0 | D:1      | dmj the Minotaur Fighter began the quest for the Orb.
     0 | D:1      | Reached XP level 1. HP: 19/19 MP: 0/0
   406 | D:1      | Reached XP level 2. HP: 27/27 MP: 1/1
   951 | D:1      | Reached XP level 3. HP: 28/33 MP: 2/2
  1039 | D:2      | Found a shattered altar of Ashenzari.
  1208 | D:2      | Reached skill level 3 in Long Blades
  1285 | D:2      | Reached XP level 4. HP: 34/40 MP: 3/3
  1381 | D:2      | Found a runed door.
  1779 | D:2      | Noticed Robin
  1811 | D:2      | Killed Robin
  1817 | D:2      | Reached XP level 5. HP: 19/46 MP: 4/4
  1867 | D:2      | Reached skill level 4 in Long Blades
  2294 | D:2      | Reached skill level 5 in Armour
  2346 | D:2      | Noticed Crazy Yiuf
  2348 | D:2      | Killed Crazy Yiuf
  2348 | D:2      | Reached skill level 1 in Dodging
  2470 | D:3      | Found a shadowy altar of Dithmenos.
  2769 | D:3      | Reached XP level 6. HP: 53/53 MP: 5/5
  2772 | D:3      | Reached skill level 5 in Long Blades
  2866 | D:3      | Reached skill level 5 in Shields
  3047 | D:3      | Found an ancient bone altar of Kikubaaqudgha.
  3166 | D:3      | Reached XP level 7. HP: 43/60 MP: 6/6
  3779 | D:4      | Reached skill level 6 in Long Blades
  3894 | D:4      | Found a deep blue altar of Sif Muna.
  3948 | D:4      | Found Qiezast's Antique Armour Boutique.
  4034 | D:4      | Bought a heavily runed ring mail for 180 gold pieces
  4284 | D:5      | Entered Level 5 of the Dungeon
  4784 | D:5      | Identified the +7 ring mail "Time Pee" {Regen+ Int+2} (You bought it in a shop on level 4 of the Dungeon)
  4806 | D:5      | Reached skill level 5 in Fighting
  4989 | D:5      | Reached skill level 1 in Stealth
  5001 | D:5      | Reached skill level 7 in Long Blades
  5550 | D:5      | Reached XP level 8. HP: 68/68 MP: 7/7
  5716 | D:5      | You fall through a shaft!
  5777 | D:6      | Reached skill level 8 in Long Blades
  5867 | D:6      | Found a glowing drain.
  5890 | D:6      | Got a faintly humming ring mail
  6083 | Sewer    | Entered a sewer
  6164 | Sewer    | Reached skill level 9 in Long Blades
  6190 | Sewer    | Found a white marble altar of Elyvilon.
  6494 | D:6      | Reached XP level 9. HP: 75/75 MP: 8/8
  6631 | D:7      | Found a staircase to the Ecumenical Temple.
  6677 | Temple   | Entered the Ecumenical Temple
  6982 | Temple   | Became a worshipper of Nemelex Xobeh the Trickster
  7119 | D:7      | Noticed Dowan
  7121 | D:7      | Noticed Duvessa
  7135 | D:7      | Killed Duvessa
  7155 | D:7      | Killed Dowan
  7224 | D:7      | Reached skill level 10 in Long Blades
  7261 | D:7      | Found an iron altar of Okawaru.
  7539 | D:7      | Found a sacrificial altar of Ru.
  7557 | D:7      | Found a glowing silver altar of Zin.
  7592 | D:7      | Received a gift from Nemelex Xobeh
  7813 | D:7      | Gained mutation: Your magical capacity is low. (-10% MP) [potion of mutation]
  7813 | D:7      | Gained mutation: You are partially covered in iridescent scales. (AC +2) [potion of mutation]
  8102 | D:8      | Received a gift from Nemelex Xobeh
  8149 | D:8      | Reached * piety under Nemelex Xobeh
  8349 | D:8      | Received a gift from Nemelex Xobeh
  8480 | D:8      | Reached skill level 11 in Long Blades
  8932 | D:9      | Noticed a two-headed ogre
  8950 | D:9      | Killed a two-headed ogre
  8950 | D:9      | Reached XP level 10. HP: 38/84 MP: 8/8
  8957 | D:9      | Paralysed by an orc for 3 turns
  9234 | D:9      | Identified the +5 ring mail of Ximad {rN+} (You found it on level 6 of the Dungeon)
  9645 | D:9      | Reached ** piety under Nemelex Xobeh
  9841 | D:10     | Entered Level 10 of the Dungeon
  9948 | D:10     | Reached skill level 10 in Shields
 10021 | D:10     | Reached skill level 5 in Dodging
 10160 | D:10     | Reached skill level 12 in Long Blades
 10229 | D:10     | Received a gift from Nemelex Xobeh
 10349 | D:10     | Noticed a two-headed ogre
 10375 | D:10     | Killed a two-headed ogre
 10612 | D:10     | Reached XP level 11. HP: 73/94 MP: 8/8
 10777 | D:10     | Found a staircase to the Lair.
 11033 | D:11     | Found Bomane's Weapon Shop.
 11224 | D:11     | Reached *** piety under Nemelex Xobeh
 11224 | D:11     | Received a gift from Nemelex Xobeh
 11255 | D:11     | Noticed Urug
 11263 | D:11     | You fall through a shaft!
 11263 | D:12     | Found a staircase to the Orcish Mines.
 11405 | D:12     | Reached skill level 13 in Long Blades
 11537 | D:12     | Found a portal to a secret trove of treasure.
 11580 | D:12     | Noticed Kirke
 11592 | D:12     | Noticed a harpy
 11592 | D:12     | Noticed a harpy
 11755 | D:12     | Noticed a centaur warrior
 11769 | D:12     | Killed a centaur warrior
 11887 | D:12     | Noticed a sphinx
 12082 | D:12     | Received a gift from Nemelex Xobeh
 12083 | D:12     | Noticed Sonja
 12603 | D:13     | Noticed a catoblepas
 12641 | D:13     | Slain by a catoblepas

Skill      XL: |  1  2  3  4  5  6  7  8  9 10 11 |
---------------+----------------------------------+-----
Fighting       | 4 5 6 7 8 |  8.4
Shields        | 4 5 6 8 9 11 | 11.8
Long Blades    | 3 4 5 7 9 11 12 13 | 13.3
Armour         | 4 5 6 7 8 |  8.0
Dodging        | 1 2 3 4 5 6 |  6.7
Stealth        | 1 2 |  2.4
Throwing       | |  0.2
Unarmed Combat | |  0.7

Action                   |  1- 3 |  4- 6 |  7- 9 | 10-12 || total
-------------------------+-------+-------+-------+-------++-------
Melee: Long sword        |   100 |   170 |   415 |   373 ||  1058
       Headbutt          |    13 |    38 |    83 |    83 ||   217
       Unarmed           |       |       |       |    22 ||    22
Throw: Throwing net      |       |       |       |     1 ||     1
  Use: Scroll            |     4 |     7 |     8 |     6 ||    25
       Potion            |       |     1 |     9 |     1 ||    11
 Stab: Held in net/web   |       |       |       |     2 ||     2
  Eat: Chunk             |     1 |     1 |       |       ||     2
       Fruit             |       |     1 |       |       ||     1
       Bread ration      |       |     2 |       |     1 ||     3
       Royal jelly       |       |     1 |       |       ||     1
       Meat ration       |       |       |     3 |     1 ||     4
Armor: Scale mail        |    45 |    86 |       |       ||   131
       Ring mail         |       |       |   135 |   151 ||   286
       Chain mail        |       |       |    19 |       ||    19
Dodge: Dodged            |    29 |    57 |   112 |   179 ||   377
Block: Shield            |    73 |   134 |   290 |   362 ||   859
       Rpst.: Long sword |     8 |     8 |    30 |    38 ||    84
